 Dungeon Crawl Stone Soup version 0.26.1-11-gd32895ea62 (webtiles) character file.

Game seed: 8954156383486969415

361 Zeld the Digger (level 6, -12/35 HPs)
             Began as a Gargoyle Earth Elementalist on June 12, 2021.
             Killed by divine providence
             ... invoked by an orc priest
              (17 damage)
             ... on level 4 of the Dungeon.
             The game lasted 00:07:18 (3877 turns).

Zeld the Digger (Gargoyle Earth Elementalist)       Turns: 3877, Time: 00:07:19

Health: -12/35     AC:  7    Str: 11    XL:     6   Next: 66%
Magic:  7/11       EV: 12    Int: 18    God:
Gold:   139        SH:  0    Dex: 10    Spells: 2/12 levels left

rFire    . . .     SeeInvis .   (no weapon)
rCold    . . .     Faith    .   (no shield)
rNeg     + . .     Spirit   .   c - +0 robe
rPois    ∞         Reflect  .   (no helmet)
rElec    +         Harm     .   r - +0 cloak
rCorr    .         Rampage  .   (no gloves)
Will     .....                  (no boots)
Stlth    ++........             (no amulet)
HPRegen  0.11/turn              (no ring)
MPRegen  0.12/turn              (no ring)

@: no status effects
A: negative energy resistance 1, electricity resistance, unbreathing,
petrification resistance, miasma immunity, AC +4
a: no special abilities


You were on level 4 of the Dungeon.
You visited 1 branch of the dungeon, and saw 4 of its levels.

You collected 139 gold pieces.

Inventory:

Missiles
 b - 15 stones (quivered)
Armour
 c - a +0 robe (worn)
 r - a +0 cloak (worn)
Jewellery
 f - an uncursed ring of see invisible {unknown}
 q - an uncursed ring of wizardry {unknown}
Scrolls
 a - 2 scrolls of fog {unknown}
 e - 4 scrolls of identify {unknown}
 l - 2 scrolls of remove curse {unknown}
 n - 3 scrolls of enchant weapon {unknown}
 o - a scroll of enchant armour {unknown}
 p - 2 scrolls of magic mapping {unknown}
Potions
 d - 2 potions of degeneration {unknown}
 g - 5 potions of curing {unknown}
 h - 2 potions of heal wounds {unknown}
 i - 2 potions of attraction {unknown}
 j - 2 potions of ambrosia {unknown}
 k - a potion of brilliance {unknown}
 m - a potion of invisibility {unknown}
 t - 2 potions of lignification {unknown}
 u - a potion of cancellation {unknown}


   Skills:
 + Level 2.0 Fighting
 + Level 2.3 Dodging
 + Level 3.4 Stealth
 * Level 3.5 Spellcasting
 + Level 1.9 Conjurations
 - Level 1.0 Transmutations
 * Level 5.5 Earth Magic


You had 2 spell levels left.
You knew the following spells:

 Your Spells              Type           Power        Failure   Level
a - Sandblast             Erth           46%          1%          1
b - Passwall              Tmut/Erth      12%          6%          2
c - Stone Arrow           Conj/Erth      32%          10%         3
d - Petrify               Tmut/Erth      15%          36%         4

Your spell library contained the following spells:

 Spells                   Type           Power        Failure   Level
 Lee's Rapid Deconstruct  Erth           11%          41%         5


Dungeon Overview and Level Annotations

Branches:
Dungeon (4/15)
 Temple: D:4-7

Altars:
Cheibriados
Ru


Innate Abilities, Weirdness & Mutations

You are resistant to torment.
Your stone body is resilient. (AC +4)
You are immune to poison.
You resist negative energy. (rN+)
You are resistant to electric shocks. (rElec)
You can survive without breathing.
You are immune to petrification.
You are immune to miasma.


Message History

The worker ant bites you but does no damage.
The worker ant waves its antennae.
The worker ant barely misses you.
The orc priest mumbles some strange prayers to Beogh against you.
Beogh smites you!
* * * LOW HITPOINT WARNING * * *
Casting: Sandblast (safe; 1% risk of failure)
Confirm with . or Enter, or press ? or * to list all spells.
Aiming: Passwall (safe; 6% risk of failure)
Press: ? - help, Dir - move target, p - worker ant A rock wall.
The worker ant bites you.
* * * LOW HITPOINT WARNING * * *
You begin to meditate on the wall.
You continue meditating on the rock.
The worker ant bites you but does no damage.
The worker ant completely misses you.
You continue meditating on the rock.
The orc priest calls down the wrath of Beogh upon you.
Beogh smites you!
You die...

....# #.## #.# ####.#.##
#.#.# #..#
#.######.......### ###.#
###.# #.................
###
#...###.#########.#.#.##
#....##.# #..†..#.# #
#...†##.# #.....#.#
#.....#.#####.........
#####.#.##........#.#.#
#.#@##....###.#.#
#.oB##....# #.# .
##..#####.# #.# . #..#
#.###.###.# #.o###
#......... ##{#.#
#.######## #.#.# #.#
#######o#.###.########
#.....#......[........


You could see a worker ant, an orc priest and 2 orcs.

Vanquished Creatures
  Grinder (D:3)
  A worker ant (D:4)
  4 gnolls (D:2)
  3 adders
  4 worms
  A dart slug (D:4)
  A leopard gecko (D:4)
  3 orcs
  2 giant cockroaches
  11 goblins
  10 hobgoblins
  6 jackals
  4 quokkas (D:2)
  6 bats
  3 frilled lizards
  10 kobolds
  2 rats
72 creatures vanquished.

Vanquished Creatures (others)
  58 plants (D:2)
58 creatures vanquished.

Grand Total: 130 creatures vanquished

Notes
Turn   | Place    | Note
-------+----------+-------------------------------------------
     0 | D:1      | Zeld the Gargoyle Earth Elementalist began the quest for
                  | the Orb.
     0 | D:1      | Reached XP level 1. HP: 10/10 MP: 3/3
   278 | D:1      | Reached XP level 2. HP: 12/15 MP: 3/5
   398 | D:1      | Learned a level 2 spell: Passwall
   452 | D:1      | Reached skill level 1 in Transmutations
   587 | D:1      | Reached skill level 4 in Earth Magic
  1197 | D:2      | Reached XP level 3. HP: 20/20 MP: 0/6
  1201 | D:2      | Learned a level 3 spell: Stone Arrow
  1550 | D:2      | Reached skill level 1 in Fighting
  1550 | D:2      | Reached XP level 4. HP: 12/25 MP: 1/7
  1757 | D:2      | Found a sacrificial altar of Ru.
  1757 | D:2      | Found a snail-covered altar of Cheibriados.
  2057 | D:2      | Reached skill level 1 in Conjurations
  2893 | D:3      | Reached XP level 5. HP: 29/29 MP: 7/9
  3130 | D:3      | Noticed Grinder
  3139 | D:3      | Killed Grinder
  3140 | D:3      | Reached skill level 5 in Earth Magic
  3140 | D:3      | Reached XP level 6. HP: 22/35 MP: 2/11
  3146 | D:3      | Learned a level 4 spell: Petrify
  3877 | D:4      | Killed from afar by an orc priest

Illustrated notes

Levels and vault maps discovered:
D:1:      ncdulo_halloftheorcs, layout_rooms
D:2:      wad_woods_settlement, layout_basic, amethyst_overflow_temple_binary,
          serial_bayou_ford_a
D:3:      layout_basic, st_stairs_7, minmay_goblin_outpost, uniq_grinder
D:4:      layout_basic

Skill      XL: |  1  2  3  4  5  6 |
---------------+-------------------+-----
Transmutations | 1 |  1.0
Earth Magic    | 4 5 |  5.5
Fighting       | 1 2 |  2.0
Dodging        | 2 |  2.3
Conjurations   | 1 |  1.9
Spellcasting   | 3 |  3.5
Stealth        | 3 |  3.4

Action                   |  1- 3 |  4- 6 || total
-------------------------+-------+-------++-------
Melee: Unarmed           |    28 |    12 ||    40
 Cast: Sandblast         |    50 |    73 ||   123
       Passwall          |       |     3 ||     3
 Stab: Distracted        |     1 |       ||     1
       Sleeping          |       |     1 ||     1
Armor: Robe              |    20 |    20 ||    40
Dodge: Dodged            |    44 |    30 ||    74
